 Dungeon Crawl Stone Soup version 0.24.1-8-ga250c9d538 (webtiles) character file.

Game seed: 7505740422475818303, levelgen mode: deterministic

30 Hugehornet the Changer (level 3, 0/23 HPs)
             Began as an Octopode Transmuter on May 4, 2020.
             Slain by a bat (1 damage)
             ... on level 1 of the Dungeon.
             The game lasted 00:01:12 (577 turns).

Hugehornet the Changer (Octopode Transmuter)         Turns: 577, Time: 00:01:12

Health: 0/23       AC:  1    Str:  7 (9)  XL:     3   Next: 20%
Magic:  6/6        EV: 13    Int: 15 (16) God:
Gold:   50         SH:  0    Dex:  9 (12) Spells: 3/6 levels left

rFire    . . .     SeeInvis .     - Unarmed
rCold    . . .     Gourm    .   (no shield)
rNeg     . . .     Faith    .   (helmet restricted)
rPois    .         Spirit   .   h - amulet of magic regeneration
rElec    .         Reflect  .   e - ring of flight
rCorr    .         Harm     .   (no ring)
MR       .....                  (no ring)
Stlth    ++........             (no ring)
HPRegen  0.07/turn              (no ring)
MPRegen  0.35/turn              (no ring)
                                (no ring)
                                (no ring)

@: appendage (expiring)
A: almost no armour, stealthy swim, amphibious, 8 rings, constrict 8, tentacle
spike 3, camouflage 1, gelatinous body 1
a: End Transformation, Evoke Flight


You were on level 1 of the Dungeon.
You were not hungry.
One of your tentacles had a temporary spike.
You visited 1 branch of the dungeon, and saw 1 of its levels.

You collected 50 gold pieces.

Inventory:

Missiles
 a - 12 arrows
Jewellery
 b - an uncursed amulet of guardian spirit
 e - a ring of flight (left tentacle)
 h - an amulet of magic regeneration (around mantle)
Potions
 d - 2 potions of degeneration
 i - a potion of cancellation {unknown}
Comestibles
 c - a ration
 f - a chunk of flesh


   Skills:
 - Level 1.0 Fighting
 - Level 2.0 Dodging
 - Level 3.0 Unarmed Combat
 - Level 2.0 Spellcasting
 + Level 3.5 Transmutations


You had 3 spell levels left.
You knew the following spells:

 Your Spells              Type           Power        Failure   Level  Hunger
a - Beastly Appendage     Tmut           ##....       4%          1    #......
b - Sticks to Snakes      Tmut           ##......     8%          2    ###....

Your spell library contained the following spells:

 Spells                   Type           Power        Failure   Level  Hunger
 Spider Form              Tmut/Pois      #.........   32%         3    ###....
 Ice Form                 Ice/Tmut       #.......     71%         4    #####..
 Blade Hands              Tmut           ##........   80%         5    ######.


Dungeon Overview and Level Annotations

Branches:
Dungeon (1/15)

Altars:


Innate Abilities, Weirdness & Mutations

You cannot wear most types of armour.
You are very stealthy in the water. (Stealth+)
You are amphibious.
You can wear up to eight rings at the same time.
You can use your tentacles to constrict eight enemies at once.
Your skin changes colour to match your surroundings (Stealth+).
Your rubbery body absorbs attacks. (AC +1, EV +1)
One of your tentacles bears a large vicious spike.


Message History

The bat barely misses you. The jackal closely misses you. The jackal bites you.
The jackal closely misses you. The bat closely misses you.
Your transformation is almost over.
The bat hits you.
* * * LOW HITPOINT WARNING * * *
The jackal bites you.
* * * LOW HITPOINT WARNING * * *
The bat hits you.
* * * LOW HITPOINT WARNING * * *
The bat hits you.
* * * LOW HITPOINT WARNING * * *
It was a potion of degeneration.
There was something very wrong with that liquid.
You feel weakened.
You feel dopey.
You feel clumsy. The bat hits you but does no damage.
The bat closely misses you. The bat barely misses you.
It was a potion of magic.
Magic courses through your body. The bat hits you.
You die...

..# #†.#.# ### ##.#.#
#.#.#########
#.#>........# #######
#####...#######.# .......
.................#
##########################
.#..†..[.........#
##.#############@# ...#
#b# #### #h########
###hh......##
#............
###.#..#..^....
#......#...#.. .
....#.(#...#.# . ..
..........)#...


You could see 3 jackals and a bat.

Vanquished Creatures
  An ooze (D:1)
  4 dart slugs (D:1)
  A giant cockroach (D:1)
  2 goblins (D:1)
  2 hobgoblins (D:1)
  4 kobolds (D:1)
  A frilled lizard (D:1)
  4 rats (D:1)
19 creatures vanquished.

Notes
Turn   | Place    | Note
-------+----------+-------------------------------------------
     0 | D:1      | Hugehornet the Octopode Transmuter began the quest for the
                  | Orb.
     0 | D:1      | Reached XP level 1. HP: 13/13 MP: 3/3
    52 | D:1      | Reached XP level 2. HP: 16/18 MP: 3/5
    56 | D:1      | Learned a level 2 spell: Sticks to Snakes
   512 | D:1      | Reached XP level 3. HP: 19/23 MP: 6/6
   575 | D:1      | HP: 1/23 [bat (1)]
   577 | D:1      | Slain by a bat

Levels and vault maps discovered:
D:1:      dpeg_arrival_another_circle, layout_basic, hangedman_decor_peaks_small

Skill      XL: |  1  2 |
---------------+-------+-----
Transmutations | 3 |  3.5
Fighting       | |  1.0
Dodging        | |  2.0
Unarmed Combat | |  3.0
Spellcasting   | |  2.0

Action                   || total
-------------------------++-------
Melee: Unarmed           ||    39
       Kick              ||     5
       Constrict         ||    12
       Tentacles         ||     7
 Cast: Beastly Appendage ||    16
  Use: Potion            ||     2
Armor: Skin              ||     4
Dodge: Dodged            ||    35
